 Dungeon Crawl Stone Soup version 0.21.1-1-g345015f (webtiles) character file.

751 Daunt the Insei (level 7, -12/53 HPs)
             Began as a Gnoll Transmuter on Apr 11, 2018.
             Mangled by Edmund
             ... wielding a +3 antimagic flail
              (14 damage)
             ... on level 4 of the Dungeon.
             The game lasted 00:19:58 (4317 turns).

Daunt the Insei (Gnoll Transmuter)                  Turns: 4317, Time: 00:19:59

Health: -12/53     AC: 10    Str: 12    XL:     7   Next: 78%
Magic:  1/15       EV: 15    Int: 17    God:
Gold:   286        SH:  0    Dex: 21    Spells: 13/17 levels left

rFire    x . .     SeeInvis .   B - +3 flail
rCold    + + +     Gourm    .   (no shield)
rNeg     . . .     Faith    .   q - +0 ice dragon scales
rPois    .         Spirit   .   (no helmet)
rElec    .         Reflect  .   (no cloak)
rCorr    .         Harm     .   p - +0 pair of gloves
MR       .....                  (no boots)
Stlth    +.........             n - amulet of magic regeneration
HPRegen  0.17/turn              y - ring of protection from cold
MPRegen  0.39/turn              (no ring)

@: agile, heavily drained
A: distributed training, fangs 1, strong nose
a: no special abilities


You were on level 4 of the Dungeon.
You were not hungry.

You visited 1 branch of the dungeon, and saw 4 of its levels.

You collected 286 gold pieces.

Inventory:

Hand Weapons
 A - a +1 spear
 B - a +3 flail (weapon)
Missiles
 a - 12 arrows
 o - 94 stones (quivered)
Armour
 b - a +0 robe
 p - a +0 pair of gloves (worn)
 q - +0 ice dragon scales (worn)
 r - a +0 buckler
Jewellery
 n - an amulet of magic regeneration (around neck)
 y - a ring of protection from cold (left hand)
Wands
 s - a wand of iceblast (10)
 C - a wand of paralysis (6)
Scrolls
 f - a scroll of amnesia {unknown}
 i - a scroll of identify
 k - a scroll of enchant armour {unknown}
 l - a scroll of enchant weapon {unknown}
 w - a scroll of teleportation {unknown}
 z - a scroll of remove curse {unknown}
Potions
 e - a potion of cancellation
 g - a potion of agility
 j - 4 potions of curing
 m - 2 potions of brilliance
 t - a potion of ambrosia {unknown}
 u - 2 potions of heal wounds {unknown}
 v - a potion of might {unknown}
 x - a potion of mutation {unknown}
Books
 c - a book of Changes

   Spells                             Type                      Level
   a - Beastly Appendage              Transmutation                1
   b - Sticks to Snakes               Transmutation                2
   c - Spider Form                    Transmutation/Poison         3
   d - Ice Form                       Ice/Transmutation            4
   e - Blade Hands                    Transmutation                5
Comestibles
 d - 7 rations


   Skills:
 + Level 3.7(2.1) Fighting
 + Level 2.6(1.1) Short Blades
 + Level 2.6(1.1) Long Blades
 + Level 2.6(1.1) Axes
 + Level 2.6(1.1) Maces & Flails
 + Level 2.6(1.1) Polearms
 + Level 2.6(1.1) Staves
 + Level 2.6(1.1) Slings
 + Level 2.6(1.1) Bows
 + Level 2.6(1.1) Crossbows
 + Level 2.6(1.1) Throwing
 + Level 2.6(1.1) Armour
 + Level 5.3(3.6) Dodging
 + Level 2.6(1.1) Stealth
 + Level 2.6(1.1) Shields
 + Level 7.1(5.3) Unarmed Combat
 + Level 5.7(4.0) Spellcasting
 + Level 2.1(0.6) Conjurations
 + Level 2.1(0.6) Hexes
 + Level 2.1(0.6) Charms
 + Level 2.1(0.6) Summonings
 + Level 2.1(0.6) Necromancy
 + Level 2.1(0.6) Translocations
 + Level 4.4(2.7) Transmutations
 + Level 2.1(0.6) Fire Magic
 + Level 2.1(0.6) Ice Magic
 + Level 2.1(0.6) Air Magic
 + Level 2.1(0.6) Earth Magic
 + Level 2.1(0.6) Poison Magic
 + Level 2.9(1.3) Invocations
 + Level 2.6(1.1) Evocations


You had 13 spell levels left.
You knew the following spells:

 Your Spells              Type           Power        Failure   Level  Hunger
a - Beastly Appendage     Tmut           ##....       36%         1    None
b - Spider Form           Tmut/Pois      #.........   87%         3    ###....


Dungeon Overview and Level Annotations

Branches:
Dungeon (4/15)
 Temple: D:4-7

Altars:

Annotations:
D:4 Edmund; oholoko's ghost, novice KoEn


Innate Abilities, Weirdness & Mutations

Your experience applies equally to all skills.
You have very sharp teeth.
Your uncanny sense of smell can sniff out nearby items.


Message History

You assume a fearsome visage.
Edmund misses you. Edmund misses you.
Edmund hits you with an antimagic flail.
* * * LOW HITPOINT WARNING * * *
You feel your power leaking away.
Edmund hits you with an antimagic flail!
* * * LOW HITPOINT WARNING * * *
You feel your power leaking away.
Evoke which item? (* to show all) (? for menu, Esc to quit)
Aiming: Paralyse
Press: ? - help, Shift-Dir - straight line, f - Edmund
Aim: Edmund, wielding an antimagic flail and wearing a ring mail (moderately wounded, berserk, fast, unusually strong, chance to defeat MR: 49%) Edmund resists with some effort.
Edmund barely misses you.
Evoke which item? (* to show all) (? for menu, Esc to quit)
Aiming: Paralyse
Press: ? - help, Shift-Dir - straight line, f/p - Edmund
Aim: Edmund, wielding an antimagic flail and wearing a ring mail (moderately wounded, berserk, fast, unusually strong, chance to defeat MR: 49%) Edmund resists with some effort.
Edmund hits you with an antimagic flail!
You die...

#...###....####'#....############
......'....#....#....#...........
......#....'....'....#...........
#######....###'##....#...........
#..##.###............########'###
#..#....#........................
#..#....#..<.....................
#..#....#........................
#..'....'.......@@...............
#..#....#........................
#..####'#........................
#..###.......#'#####....#########
.....#.......#.....#....#........
.....#.......#.....#....#........
##รท..#.......#######....###.#####
##...#....................#.##...
.....#.............>......#..'...


You could see Edmund (berserk).

Vanquished Creatures
  An ogre (D:4)
  The ghost of wotkd0121004 the Sneak, an amateur OpFE (D:3)
  Blork the orc (D:4)
  5 wights
  A howler monkey (D:4)
  A centaur skeleton (D:4)
  Ijyb (D:4)
  Natasha (thrice) (D:4)
  A worker ant (D:4)
  4 gnolls (D:2)
  5 adders
  An ooze (D:3)
  A worm (D:4)
  2 orcs (D:3)
  2 giant cockroaches
  3 goblins
  6 hobgoblins
  4 jackals (D:4)
  7 kobolds
  A quokka (D:3)
  A ball python (D:4)
  A bat (D:1)
  9 frilled lizards
  7 rats
69 creatures vanquished.

Notes
Turn   | Place    | Note
-------+----------+-------------------------------------------
     0 | D:1      | Daunt the Gnoll Transmuter began the quest for the Orb.
     0 | D:1      | Reached XP level 1. HP: 17/17 MP: 6/6
   363 | D:1      | Reached XP level 2. HP: 23/23 MP: 7/7
  1076 | D:2      | Reached skill level 5 in Spellcasting
  1076 | D:2      | Reached XP level 3. HP: 26/28 MP: 7/9
  1136 | D:2      | Learned a level 3 spell: Spider Form
  1144 | D:2      | Reached skill level 1 in Invocations
  1148 | D:2      | Reached skill level 1 in Short Blades
  1148 | D:2      | Reached skill level 1 in Long Blades
  1148 | D:2      | Reached skill level 1 in Axes
  1148 | D:2      | Reached skill level 1 in Maces & Flails
  1148 | D:2      | Reached skill level 1 in Polearms
  1148 | D:2      | Reached skill level 1 in Staves
  1148 | D:2      | Reached skill level 1 in Slings
  1148 | D:2      | Reached skill level 1 in Bows
  1148 | D:2      | Reached skill level 1 in Crossbows
  1148 | D:2      | Reached skill level 1 in Throwing
  1148 | D:2      | Reached skill level 1 in Armour
  1148 | D:2      | Reached skill level 1 in Stealth
  1148 | D:2      | Reached skill level 1 in Shields
  1148 | D:2      | Reached skill level 1 in Evocations
  1148 | D:2      | Reached XP level 4. HP: 20/34 MP: 8/11
  1555 | D:3      | Reached skill level 1 in Conjurations
  1555 | D:3      | Reached skill level 1 in Hexes
  1555 | D:3      | Reached skill level 1 in Charms
  1555 | D:3      | Reached skill level 1 in Summonings
  1555 | D:3      | Reached skill level 1 in Necromancy
  1555 | D:3      | Reached skill level 1 in Translocations
  1555 | D:3      | Reached skill level 1 in Fire Magic
  1555 | D:3      | Reached skill level 1 in Ice Magic
  1555 | D:3      | Reached skill level 1 in Air Magic
  1555 | D:3      | Reached skill level 1 in Earth Magic
  1555 | D:3      | Reached skill level 1 in Poison Magic
  2155 | D:3      | Noticed wotkd0121004's ghost (amateur OpFE)
  2165 | D:3      | Killed wotkd0121004's ghost
  2165 | D:3      | Reached XP level 5. HP: 40/41 MP: 12/12
  2201 | D:4      | Noticed Edmund
  2291 | D:4      | Reached XP level 6. HP: 47/47 MP: 13/13
  2320 | D:4      | Reached skill level 5 in Dodging
  2608 | D:4      | Noticed Natasha
  2615 | D:4      | Killed Natasha
  2655 | D:4      | Noticed Natasha
  2658 | D:4      | Noticed oholoko's ghost (novice KoEn)
  2661 | D:4      | Killed Natasha
  2855 | D:4      | Noticed Natasha
  2866 | D:4      | Killed Natasha
  3041 | D:4      | Reached XP level 7. HP: 51/52 MP: 15/15
  3087 | D:4      | Reached skill level 7 in Unarmed Combat
  4028 | D:4      | Noticed Blork the orc
  4047 | D:4      | Killed Blork the orc
  4236 | D:4      | Noticed Ijyb
  4242 | D:4      | Paralysed by Ijyb for 7 turns
  4256 | D:4      | Killed Ijyb
  4315 | D:4      | HP: 1/53 [Edmund/antimagic flail (7)]
  4317 | D:4      | Mangled by Edmund

Skill      XL: |  1  2  3  4  5  6  7 |
---------------+----------------------+-----
Spellcasting   | 5 |  5.7
Invocations    | 1 2 |  2.9
Short Blades   | 1 2 |  2.6
Long Blades    | 1 2 |  2.6
Axes           | 1 2 |  2.6
Maces & Flails | 1 2 |  2.6
Polearms       | 1 2 |  2.6
Staves         | 1 2 |  2.6
Slings         | 1 2 |  2.6
Bows           | 1 2 |  2.6
Crossbows      | 1 2 |  2.6
Throwing       | 1 2 |  2.6
Armour         | 1 2 |  2.6
Stealth        | 1 2 |  2.6
Shields        | 1 2 |  2.6
Evocations     | 1 2 |  2.6
Conjurations   | 1 2 |  2.1
Hexes          | 1 2 |  2.1
Charms         | 1 2 |  2.1
Summonings     | 1 2 |  2.1
Necromancy     | 1 2 |  2.1
Translocations | 1 2 |  2.1
Fire Magic     | 1 2 |  2.1
Ice Magic      | 1 2 |  2.1
Air Magic      | 1 2 |  2.1
Earth Magic    | 1 2 |  2.1
Poison Magic   | 1 2 |  2.1
Fighting       | 3 |  3.7
Transmutations | 4 |  4.4
Dodging        | 5 |  5.3
Unarmed Combat | 7 |  7.1

Action                   |  1- 3 |  4- 6 |  7- 9 || total
-------------------------+-------+-------+-------++-------
Melee: Unarmed           |    70 |   105 |    39 ||   214
       Bite              |     5 |     5 |     3 ||    13
       Headbutt          |     2 |     3 |     1 ||     6
       Kick              |       |     9 |     6 ||    15
       Punch             |       |     6 |     2 ||     8
       Flail             |       |       |    57 ||    57
 Cast: Beastly Appendage |     2 |     8 |     2 ||    12
       Spider Form       |     1 |       |       ||     1
Evoke: Wand              |       |       |     2 ||     2
  Use: Scroll            |     1 |     1 |     2 ||     4
       Potion            |       |       |     5 ||     5
 Stab: Sleeping          |     1 |     3 |       ||     4
  Eat: Chunk             |     1 |     3 |     3 ||     7
       Ration            |       |     1 |       ||     1
Armor: Robe              |     9 |     3 |       ||    12
       Ice dragon scales |       |    28 |    60 ||    88
Dodge: Dodged            |    50 |    45 |    48 ||   143
